 Dungeon Crawl Stone Soup version 0.22-a0-379-ga9d99d6 (webtiles) character file.

32 iamserjio the Firebug (level 3, 6/24 HPs)
             Began as a Demonspawn Fire Elementalist on Apr 28, 2018.
             Quit the game on level 3 of the Dungeon.
             The game lasted 00:04:58 (2200 turns).

iamserjio the Firebug (DsFE)                        Turns: 2200, Time: 00:04:58

Health: 6/24       AC:  2    Str:  8    XL:     3   Next: 8%
Magic:  3/6        EV: 12    Int: 17    God:
Gold:   146        SH:  0    Dex: 13    Spells: 6/7 levels left

rFire    . . .     SeeInvis .   g - +0 short sword
rCold    . . .     Gourm    .   (no shield)
rNeg     . . .     Faith    .   a - +0 robe
rPois    .         Spirit   .   (no helmet)
rElec    .         Reflect  .   (no cloak)
rCorr    .         Harm     .   (no gloves)
MR       .....                  (no boots)
Stlth    ++........             (no amulet)
HPRegen  0.08/turn              (no ring)
MPRegen  0.10/turn              (no ring)

@: seriously poisoned (6 -> 1)
A: hooves 2
a: no special abilities


You were on level 3 of the Dungeon.
You were very hungry.

You visited 1 branch of the dungeon, and saw 3 of its levels.

You collected 146 gold pieces.

Inventory:

Hand Weapons
 g - a +0 short sword (weapon)
 v - a +0 spear
Armour
 a - a +0 robe (worn)
Scrolls
 b - a scroll of random uselessness {unknown}
 e - 2 scrolls of identify {unknown}
 h - 2 scrolls of magic mapping {unknown}
 i - 4 scrolls of enchant armour {unknown}
 l - 2 scrolls of remove curse {unknown}
 m - 2 scrolls of teleportation {unknown}
 o - 2 scrolls of enchant weapon {unknown}
 t - a scroll of amnesia {unknown}
 u - 4 scrolls of blinking {unknown}
 x - a scroll of immolation {unknown}
Potions
 d - a potion of flight {unknown}
 f - a potion of brilliance {unknown}
 j - 2 potions of might {unknown}
 k - 2 potions of curing {unknown}
 n - 2 potions of haste {unknown}
 p - 3 potions of degeneration {unknown}
 q - a potion of cancellation {unknown}
 r - a potion of invisibility {unknown}
 s - 2 potions of lignification {unknown}
Comestibles
 c - 7 rations


   Skills:
 - Level 1.7 Dodging
 - Level 1.7 Stealth
 + Level 2.5 Spellcasting
 + Level 1.9 Conjurations
 + Level 3.1 Fire Magic


You had 6 spell levels left.
You knew the following spells:

 Your Spells              Type           Power        Failure   Level  Hunger
a - Flame Tongue          Conj/Fire      ##...        6%          1    #......


Dungeon Overview and Level Annotations

Branches:
Dungeon (3/15)

Altars:
Gozag


Innate Abilities, Weirdness & Mutations

You have hoof-like feet.


Message History

The adder poisons you!
Casting: Flame Tongue (safe; 8% risk of failure)
Confirm with . or Enter, or press ? or * to list all spells.
Aiming: Flame Tongue (safe; 8% risk of failure)
Press: ? - help, Shift-Dir - straight line, f/p - adder
Aim: an adder (almost dead)
The flame tongue hits the adder.
You kill the adder!
You have reached level 3!
Your experience leads to an increase in your attributes!
Increase (S)trength, (I)ntelligence, or (D)exterity?
You feel clever.
Your demonic ancestry asserts itself...
Your feet thicken and deform.
* * * LOW HITPOINT WARNING * * *
You feel sick.
Okay, then.
You start resting.
* * * LOW HITPOINT WARNING * * *
You feel sick.
Are you sure you want to abandon this character and quit the game? (Confirm with "yes".)

##......##
#.##......(...##
#.#............###
#.................
#..............(#.
#...............#.
#.................
#...............#.
#@................
###..#.............#
#######...#####.##.###....
#.......#.# ##.##.##.....
#......##.####..........(.
#.........................
###.##....##..............
#.#####.###.............
#.# #.#...............


There were no monsters in sight!

Vanquished Creatures
  An adder (D:3)
  5 hobgoblins
  7 kobolds
  3 bats
  2 frilled lizards
  A goblin (D:3)
  4 rats
23 creatures vanquished.

Notes
Turn   | Place    | Note
-------+----------+-------------------------------------------
     0 | D:1      | iamserjio the Demonspawn Fire Elementalist began the quest for the Orb.
     0 | D:1      | Reached XP level 1. HP: 13/13 MP: 3/3
   627 | D:1      | Gained mutation: You have large cloven feet. [demonic ancestry]
   627 | D:1      | Reached XP level 2. HP: 19/19 MP: 5/5
  1517 | D:3      | Reached skill level 3 in Fire Magic
  2106 | D:3      | Found an opulent altar of Gozag.
  2198 | D:3      | Gained mutation: You have hoof-like feet. [demonic ancestry]
  2198 | D:3      | Reached XP level 3. HP: 8/24 MP: 3/6
  2200 | D:3      | Quit the game

Vault maps used:
D:1:      dpeg_arrival_castle
D:2:      first_ration
D:3:      grunt_gozag_breadcrumbs

Skill      XL: |  1  2 |
---------------+-------+-----
Fire Magic     | 3 |  3.1
Dodging        | |  1.7
Stealth        | |  1.7
Spellcasting   | |  2.5
Conjurations   | |  1.9

Action                   || total
-------------------------++-------
Melee: Unarmed           ||     9
       Short sword       ||    14
       Kick              ||     3
 Cast: Flame Tongue      ||    37
 Stab: Sleeping          ||     1
  Eat: Chunk             ||     3
Armor: Robe              ||     7
Dodge: Dodged            ||    18

Table legend:
 A = Spawn XP
 B = Non-spawn XP
 C = Spawn XP percentage of total XP
 D = Spawn monster count
 E = Non-spawn monster count
 F = Spawn count percentage of total count
 G = Total turns spent on level
                    A         B        C        D         E        F      G
               +---------+---------+-------+---------+---------+-------+---------
         Total |       0 |      46 |   0.0 |       0 |      23 |   0.0 |  2200
               +---------+---------+-------+---------+---------+-------+---------
           D:1 |       0 |      18 |   0.0 |       0 |      11 |   0.0 |   946
           D:2 |       0 |       4 |   0.0 |       0 |       3 |   0.0 |   569
           D:3 |       0 |      24 |   0.0 |       0 |       9 |   0.0 |   685
               +---------+---------+-------+---------+---------+-------+---------
